 Dungeon Crawl Stone Soup version 0.22.0-49-gab54619 (webtiles) character file.

735 Nydiazath the Covered (level 7, 0/46 HPs)
             Began as a Gargoyle Fighter on Sept 7, 2018.
             Slain by TheNamelessOne's ghost (13 damage)
             ... on level 4 of the Dungeon.
             The game lasted 00:09:40 (3239 turns).

Nydiazath the Covered (Gargoyle Fighter)            Turns: 3239, Time: 00:09:41

Health: 0/46       AC: 14    Str: 26    XL:     7   Next: 74%
Magic:  7/7        EV:  7    Int:  9    God:
Gold:   138        SH:  9    Dex:  9    Spells: 6/6 levels left

rFire    + . .     SeeInvis .   a - +0 flail
rCold    . . .     Gourm    .   c - +0 shield
rNeg     + . .     Faith    .   p - +2 scale mail {rF+}
rPois    ∞         Spirit   .   (no helmet)
rElec    +         Reflect  .   (no cloak)
rCorr    .         Harm     .   (no gloves)
MR       .....                  (no boots)
Stlth    ..........             (no amulet)
HPRegen  0.15/turn              (no ring)
MPRegen  0.10/turn              (no ring)

@: mighty
A: negative energy resistance 1, electricity resistance, unbreathing,
petrification resistance, rot immunity, AC +4
a: no special abilities


You were on level 4 of the Dungeon.
You were hungry.

You visited 1 branch of the dungeon, and saw 4 of its levels.

You collected 138 gold pieces.

Inventory:

Hand Weapons
 a - a +0 flail (weapon)
Armour
 b - a +0 scale mail
 c - a +0 shield (worn)
 p - a +2 scale mail of fire resistance (worn)
Jewellery
 s - an uncursed ring of protection from magic {unknown}
Scrolls
 g - a scroll of random uselessness {unknown}
 i - 2 scrolls of teleportation {unknown}
 j - 2 scrolls of identify
 m - a scroll of enchant weapon {unknown}
 o - a scroll of blinking {unknown}
 r - a scroll of remove curse {unknown}
 t - a scroll of magic mapping {unknown}
Potions
 e - a potion of ambrosia {unknown}
 h - a potion of magic
 k - a potion of heal wounds {unknown}
 l - a potion of agility {unknown}
 n - 2 potions of cancellation {unknown}
 q - 2 potions of lignification {unknown}
Comestibles
 f - 7 rations


   Skills:
 + Level 6.1 Fighting
 + Level 5.1 Maces & Flails
 + Level 6.2 Armour
 - Level 3.2 Shields


You had 6 spell levels left.
You didn't know any spells.
Your spell library was empty.

Dungeon Overview and Level Annotations

Branches:
Dungeon (4/15)
 Temple: D:4-7

Altars:
Fedhas
Makhleb
Ru

Annotations:
D:4 TheNamelessOne's ghost, novice FoFi


Innate Abilities, Weirdness & Mutations

You are resistant to torment.
Your stone body is resilient. (AC +4)
You are immune to poison.
You resist negative energy. (rN+)
You are resistant to electric shocks. (rElec)
You can survive without breathing.
You are immune to petrification.
You are immune to rotting.


Message History

You are too injured to fight recklessly!
You are too injured to fight recklessly!
Your magic is already full.
You feel very mighty all of a sudden.
TheNamelessOne's ghost hits you but does no damage.
You thump TheNamelessOne's ghost!
TheNamelessOne's ghost is lightly damaged.
TheNamelessOne's ghost hits you!
* * * LOW HITPOINT WARNING * * *
You sock TheNamelessOne's ghost!
TheNamelessOne's ghost is moderately damaged.
TheNamelessOne's ghost hits you but does no damage.
Your shield and scale mail prevent you from hitting TheNamelessOne's ghost.
TheNamelessOne's ghost is moderately damaged.
TheNamelessOne's ghost closely misses you.
You block TheNamelessOne's ghost's attack.
Your shield and scale mail prevent you from hitting TheNamelessOne's ghost.
TheNamelessOne's ghost is moderately damaged.
TheNamelessOne's ghost hits you!
You die...

####.#### #.......#
####### #####.##.##.#
#.....#
.......#†##.####.....#
.........##.##.......#
.......#.##.##.#.....#
#####.##..#.##.#.....#
#.......##.#######
####..####@#
#.......##W#
#.##..#.##.##### ..
#..#........##### ##
#................
##.#.#.###'''###.
#.....#.......#
....#.#.......#
####.#.#[#...#.#.


You could see TheNamelessOne's ghost.

Vanquished Creatures
  Grinder (D:3)
  Sigmund (D:3)
  A centaur (D:4)
  3 orc priests (D:3)
  An orc wizard (D:3)
  A worker ant (D:4)
  6 adders
  A river rat (D:3)
  2 dart slugs
  3 leopard geckos (D:3)
  13 orcs
  5 giant cockroaches
  7 hobgoblins
  3 jackals (D:4)
  7 kobolds
  A ball python (D:2)
  8 bats
  4 frilled lizards
  8 goblins
  8 rats
84 creatures vanquished.

Notes
Turn   | Place    | Note
-------+----------+-------------------------------------------
     0 | D:1      | Nydiazath the Gargoyle Fighter began the quest for the Orb.
     0 | D:1      | Reached XP level 1. HP: 14/14 MP: 1/1
   188 | D:1      | Reached XP level 2. HP: 19/19 MP: 2/2
   936 | D:2      | Reached XP level 3. HP: 19/24 MP: 3/3
  1291 | D:2      | Found a faded altar of an unknown god.
  1329 | D:2      | Became a worshipper of Ru the Awakened
  1379 | D:2      | Reached XP level 4. HP: 27/29 MP: 4/4
  1599 | D:2      | Found a burning altar of Makhleb.
  1599 | D:2      | Found a blossoming altar of Fedhas.
  1815 | D:3      | Reached XP level 5. HP: 9/34 MP: 5/5
  2065 | D:3      | Noticed Grinder
  2079 | D:3      | Killed Grinder
  2079 | D:3      | Reached skill level 5 in Fighting
  2079 | D:3      | Reached skill level 5 in Armour
  2079 | D:3      | Reached XP level 6. HP: 22/40 MP: 6/6
  2260 | D:3      | Noticed Sigmund
  2525 | D:3      | Reached XP level 7. HP: 40/44 MP: 7/7
  2575 | D:3      | Fell from the grace of Ru
  2592 | D:3      | Killed Sigmund
  2941 | D:4      | Reached skill level 5 in Maces & Flails
  3155 | D:4      | Found a runed gate.
  3156 | D:4      | Found a runed gate.
  3157 | D:4      | Found a runed gate.
  3158 | D:4      | Noticed TheNamelessOne's ghost (novice FoFi)
  3239 | D:4      | Slain by TheNamelessOne's ghost

Skill      XL: |  1  2  3  4  5  6  7 |
---------------+----------------------+-----
Armour         | 4 5 6 |  6.2
Fighting       | 4 5 6 |  6.1
Maces & Flails | 3 4 5 |  5.1
Shields        | |  3.2

Action                   |  1- 3 |  4- 6 |  7- 9 || total
-------------------------+-------+-------+-------++-------
Melee: Flail             |   127 |   152 |    72 ||   351
Invok: Renounce Religion |       |       |     1 ||     1
  Use: Scroll            |       |       |     1 ||     1
       Potion            |       |       |     1 ||     1
  Eat: Chunk             |     1 |     3 |       ||     4
       Ration            |       |     1 |       ||     1
Armor: Scale mail        |    60 |   142 |    35 ||   237
Dodge: Dodged            |    45 |    86 |    19 ||   150
Block: Shield            |    68 |   125 |    35 ||   228
